 Dungeon Crawl Stone Soup version 0.23.0-3-gf3c87f2 (webtiles) character file.

Game seed: 16009713438647576464

563 Borgoz the Covert (level 7, -2/41 HPs)
             Began as a Kobold Assassin on Feb 23, 2019.
             Was a Follower of Dithmenos.
             Slain by Pikel
             ... wielding a +1 whip of flaming
              (9 damage)
             ... on level 4 of the Dungeon.
             The game lasted 00:06:17 (3141 turns).

Borgoz the Covert (Kobold Assassin)                 Turns: 3141, Time: 00:06:18

Health: -2/41      AC:  3    Str: 10    XL:     7   Next: 58%
Magic:  10/10      EV: 15    Int: 13    God:    Dithmenos [*.....]
Gold:   300        SH:  0    Dex: 16    Spells: 10/11 levels left

rFire    . . .     SeeInvis .   a - +2 dagger (flame)
rCold    . . .     Gourm    .   (shield restricted)
rNeg     . . .     Faith    .   c - +0 robe
rPois    .         Spirit   .   (no helmet)
rElec    .         Reflect  .   d - +0 cloak
rCorr    .         Harm     .   (no gloves)
MR       .....                  (no boots)
Stlth    +++++.....             (no amulet)
HPRegen  0.13/turn              (no ring)
MPRegen  0.12/turn              (no ring)

@: wreathed by umbra
A: small, carnivore
a: Renounce Religion


You were on level 4 of the Dungeon.
You worshipped Dithmenos.
Dithmenos was aware of your devotion.
You were very full.

You visited 1 branch of the dungeon, and saw 4 of its levels.

You collected 300 gold pieces.

Inventory:

Hand Weapons
 a - a +2 dagger of flaming (weapon)
 b - a +0 blowgun
Missiles
 e - 13 poisoned needles
 f - 2 curare-tipped needles
Armour
 c - a +0 robe (worn)
 d - a +0 cloak (worn)
Jewellery
 i - an uncursed ring of fire
Scrolls
 j - 6 scrolls of remove curse
 m - 3 scrolls of teleportation
 n - 2 scrolls of immolation
 o - a scroll of identify
Potions
 h - a potion of brilliance {unknown}
 k - a potion of magic
 l - a potion of flight
 p - a potion of mutation {unknown}
 q - a potion of agility {unknown}
Comestibles
 g - 5 rations


   Skills:
 + Level 3.4 Fighting
 + Level 5.2 Short Blades
 + Level 2.3 Throwing
 + Level 2.2 Dodging
 + Level 8.4 Stealth
 + Level 2.5 Spellcasting
 + Level 2.1 Hexes


You had 10 spell levels left.
You knew the following spells:

 Your Spells              Type           Power        Failure   Level  Hunger
a - Confusing Touch       Hex            #.....       10%         1    #......

Your spell library contained the following spells:

 Spells                   Type           Power        Failure   Level  Hunger
 Slow                     Hex            #.......     16%         2    ###....
 Animate Skeleton         Necr           N/A          24%         1    #......
 Apportation              Tloc           #.....       24%         1    #......
 Magic Dart               Conj           #...         24%         1    #......
 Summon Small Mammal      Summ           #...         24%         1    #......
 Blink                    Tloc           N/A          36%         2    ###....
 Call Imp                 Summ           #.......     36%         2    ###....
 Conjure Flame            Conj/Fire      #.......     58%         3    ###....
 Mephitic Cloud           Conj/Pois/Air  #.......     58%         3    ###....


Dungeon Overview and Level Annotations

Branches:
Dungeon (4/15)
 Temple: D:4-7

Altars:
Dithmenos

Annotations:
D:4 Pikel


Innate Abilities, Weirdness & Mutations

You are small and have problems with some larger weapons.
You are carnivorous and can eat meat at any time.


Message History

There is an open door here.
You hit Pikel but do no damage.
Pikel is almost dead.
You feel sick.
You are no longer poisoned.
You hit Pikel but do no damage.
Pikel is almost dead.
Pikel closely misses you.
You hit Pikel. You burn Pikel.
Pikel is almost dead.
Pikel barely misses you.
You closely miss Pikel.
Pikel is almost dead.
You hit Pikel but do no damage.
Pikel is almost dead.
Pikel barely misses you.
You hit Pikel but do no damage.
Pikel is almost dead.
Pikel hits you with a +1 whip of flaming!
You die...

#.......#.# #.. #.......#.#
#.. #..†....#.# ###
#####'###.# #.###.# #########
#.....# #.......# #####
#†..#.# #.......# #...#
##..###########p......# #...#
#...........@Kapp.....# #...#
###..##########p......###...#
#..# ........p..#'###....p
#..# #########.##.# #..p.#
#..############.>.a###.####
#..................p(p.....
#..........................
#..........................
#..........................


You could see Pikel, 4 slaves and a worker ant.

Vanquished Creatures
  A hippogriff (D:3)
  Sigmund (D:4)
  A jelly (D:2)
  An iguana (D:4)
  A worker ant (D:4)
  Natasha (D:4)
  4 adders
  2 worms
  7 leopard geckos
  An orc (D:3)
  6 giant cockroaches
  6 goblins
  12 hobgoblins
  3 jackals (D:3)
  4 quokkas
  6 bats
  9 frilled lizards
  5 kobolds
  2 rats
73 creatures vanquished.

Notes
Turn   | Place    | Note
-------+----------+-------------------------------------------
     0 | D:1      | Borgoz the Kobold Assassin began the quest for the Orb.
     0 | D:1      | Reached XP level 1. HP: 12/12 MP: 1/1
   223 | D:1      | Reached XP level 2. HP: 16/17 MP: 2/2
   228 | D:1      | Reached skill level 6 in Stealth
   560 | D:1      | Reached XP level 3. HP: 14/22 MP: 3/3
   872 | D:2      | Learned a level 1 spell: Confusing Touch
   874 | D:2      | Found a shadowy altar of Dithmenos.
   945 | D:2      | Reached XP level 4. HP: 18/27 MP: 4/4
  1710 | D:2      | Became a worshipper of Dithmenos the Shadowed
  1936 | D:3      | Reached skill level 7 in Stealth
  1961 | D:3      | Reached XP level 5. HP: 27/31 MP: 6/6
  2133 | D:3      | Reached skill level 1 in Spellcasting
  2284 | D:3      | Noticed a hippogriff
  2292 | D:3      | Killed a hippogriff
  2292 | D:3      | Reached skill level 8 in Stealth
  2292 | D:3      | Reached skill level 1 in Hexes
  2292 | D:3      | Reached XP level 6. HP: 10/36 MP: 5/8
  2303 | D:3      | Reached * piety under Dithmenos
  2803 | D:4      | Noticed Natasha
  2805 | D:4      | Noticed Sigmund
  2810 | D:4      | Killed Natasha
  2813 | D:4      | Killed Sigmund
  2813 | D:4      | Reached XP level 7. HP: 41/41 MP: 10/10
  2928 | D:4      | Reached skill level 5 in Short Blades
  3067 | D:4      | Noticed Pikel
  3141 | D:4      | Slain by Pikel

Skill      XL: |  1  2  3  4  5  6  7 |
---------------+----------------------+-----
Stealth        | 6 7 8 |  8.4
Short Blades   | 3 4 5 |  5.2
Spellcasting   | 1 2 |  2.5
Dodging        | 2 |  2.2
Hexes          | 1 2 |  2.1
Fighting       | 3 |  3.4
Throwing       | |  2.3

Action                   |  1- 3 |  4- 6 |  7- 9 || total
-------------------------+-------+-------+-------++-------
Melee: Dagger            |    82 |   116 |    28 ||   226
 Fire: Blowgun           |     2 |       |     9 ||    11
 Cast: Confusing Touch   |       |     1 |       ||     1
  Use: Scroll            |       |     7 |       ||     7
 Stab: Sleeping          |     8 |    17 |     3 ||    28
       Confused          |       |     2 |       ||     2
  Eat: Chunk             |     8 |     6 |     1 ||    15
Armor: Robe              |    10 |    13 |     1 ||    24
Dodge: Dodged            |    40 |    48 |    17 ||   105
